 Dungeon Crawl Stone Soup version 0.29.1-1-gd02db6906a (webtiles) character file.

Game seed: 4322247105935142923

968 groovy9 the Magician (level 8, -1/50 HPs)
             Began as a Djinni Conjurer on Sept 26, 2022.
             Slain by a steam dragon (4 damage)
             ... on level 5 of the Dungeon.
             The game lasted 00:13:42 (6263 turns).

groovy9 the Magician (Djinni Conjurer)              Turns: 6263, Time: 00:13:43

Health: -1/50      AC:  4    Str:  6    XL:     8   Next: 38%
Gold:   229        EV: 12    Int: 22    God:
                   SH:  0    Dex: 12

rFire   + + .      SeeInvis +   j - +0 dagger (pain)
rCold   x . .      Faith    .   (no shield)
rNeg    . . .      Spirit   .   n - +1 robe {Archmagi}
rPois   ∞          Reflect  .   (no helmet)
rElec   .          Harm     .   b - +0 cloak
rCorr   .          Rampage  .   (no gloves)
Will    +....      Archmagi +   (boots unavailable)
Stlth   ++........              (no amulet)
HPRegen 0.16/turn               f - ring of see invisible
MPRegen 0.00/turn               k - ring of willpower

@: flying, studying Long Blades
A: sickness immunity, fire resistance 2, cold vulnerability 1, float, innate
caster, HP casting, extra vitality 1
a: no special abilities


You were on level 5 of the Dungeon.
You visited 1 branch of the dungeon, and saw 5 of its levels.

You collected 229 gold pieces.

Inventory:

Hand Weapons
 j - a +0 dagger of pain (weapon)
Armour
 b - a +0 cloak (worn)
 n - a +1 robe of the Archmagi (worn)
Jewellery
 f - a ring of see invisible (left hand)
 k - a ring of willpower (right hand)
 m - a +4 ring of slaying
Scrolls
 c - a scroll of vulnerability
 e - a scroll of blinking
 h - 4 scrolls of teleportation {unknown}
 i - a scroll of magic mapping {unknown}
Potions
 d - 2 potions of flight {unknown}
 g - a potion of curing {unknown}
 l - a potion of cancellation {unknown}


   Skills:
 - Level 2.1 Dodging
 - Level 1.5 Stealth
 + Level 7.8 Spellcasting


You had 2 spell levels left.
You knew the following spells:

 Your Spells              Type           Power      Damage    Failure   Level
a - Magic Dart            Conj           100%       1d8       1%          1
b - Searing Ray           Conj           100%       2d8       1%          2
c - Dazzling Flash        Conj/Hex       100%       N/A       1%          3
d - Fulminant Prism       Conj/Hex       29%        3d14      3%          4
e - Iskenderun's Mystic   Conj/Tloc      59%        2d12      3%          4
f - Beastly Appendage     Tmut           100%       N/A       1%          1
g - Poisonous Vapours     Pois/Air       100%       N/A       1%          2
h - Summon Guardian Gole  Hex/Summ       59%        N/A       1%          3
Your spell library was empty.

Dungeon Overview and Level Annotations

Branches:
Dungeon (4/15)
 Temple: D:4-7

Altars:
Fedhas
Nemelex Xobeh
Yredelemnul

Annotations:
D:2 Terence


Innate Abilities, Weirdness & Mutations

You are immune to sickness and miasma.
You are immune to poison.
Your flesh is very heat resistant. (rF++)
You are vulnerable to cold. (rC-)
You float through the air rather than walking.
You learn spells naturally, not from books.
Your magical power is your life essence.
You have superior vitality. (+4 MHP)


Message History

You feel a surge of power!
The searing ray hits the steam dragon but does no damage. (Press . to maintain the ray.)
The steam dragon breathes steam at you. The ball of steam hits you. You resist.
Casting: Searing Ray (safe; 1% risk of failure)
Confirm with . or Enter, or press ? or * to list all spells.
Aiming: Searing Ray (safe; 1% risk of failure)
Press: ? - help, Shift-Dir - straight line, f/p - steam dragon
Aim: a steam dragon (steam, catching its breath, 83% to hit)
You feel a surge of power!
The searing ray hits the steam dragon.
The steam dragon is lightly wounded. (Press . to maintain the ray.)
The searing ray hits the steam dragon!
The steam dragon is moderately wounded.
The steam dragon bites you. The steam dragon closely misses you.
The searing ray hits the steam dragon!
The steam dragon is severely wounded.
The steam dragon breathes steam at you. The ball of steam misses you.
You hear an angry hiss.
The steam dragon attacks as you move away!
The steam dragon bites you!
* * * LOW HITPOINT WARNING * * *
The steam dragon claws you.
* * * LOW HITPOINT WARNING * * *
Casting: Searing Ray (safe; 1% risk of failure)
Confirm with . or Enter, or press ? or * to list all spells.
Aiming: Searing Ray (safe; 1% risk of failure)
Press: ? - help, Shift-Dir - straight line, f/p - steam dragon
Aim: a steam dragon (severely wounded, 83% to hit)
You feel a surge of power!
The searing ray hits the steam dragon!
The steam dragon is almost dead. (Press . to maintain the ray.)
* * * LOW HITPOINT WARNING * * *
An adder comes into view.
The steam dragon bites you!
* * * LOW HITPOINT WARNING * * *
The steam dragon claws you.
You die...

...#. .##.o.$ .S##....# h.#...#
.............. .......
.............. .......
#...[.....###.#####^....[.
##..........##...##..# #####
#............##.†)))####.._##
####.........§§.#§.#.####_...._#
#............§.§@D##...####..###
............§.§§§§§..#..##...._#
.........#....#§.###....###..###
...........#####...###.##8.....#
........#### ###.#.[..###..###
........# #....##.##.....#
.....(..# #....###.###.)###
.......)# #..##.....#.....8##
........# ....# #####.##8..8##.


You could see a steam dragon and an adder.

Vanquished Creatures
  A black bear (D:5)
  An ogre (D:5)
  A kobold brigand (D:4)
  Blork the orc (D:5)
  2 scorpions (D:4)
  2 hounds
  4 orc priests
  2 iguanas (D:5)
  4 orc wizards
  8 adders
  2 ufetubi (D:5)
  An adder zombie (D:2)
  A worm (D:2)
  2 dart slugs (D:1)
  22 orcs
  A bat zombie (D:2)
  5 endoplasms
  5 giant cockroaches
  7 goblins
  11 hobgoblins
  4 jackals (D:1)
  5 quokkas
  6 ball pythons
  2 bats (D:2)
  4 frilled lizards
  4 kobolds
  A quokka skeleton (D:2)
  7 rats
116 creatures vanquished.

Vanquished Creatures (others)
  3 withered plants (D:2)
3 creatures vanquished.

Grand Total: 119 creatures vanquished

Notes
Turn   | Place    | Note
-------+----------+-------------------------------------------
     0 | D:1      | groovy9 the Djinni Conjurer began the quest for the Orb.
     0 | D:1      | groovy9 set off with the following spells memorised: Magic
                  | Dart, Searing Ray, Dazzling Flash, Fulminant Prism,
                  | Iskenderun's Mystic Blast.
     0 | D:1      | Reached XP level 1. HP: 15/15 MP: 0/0
   349 | D:1      | Reached XP level 2. HP: 16/21 MP: 0/0
   901 | D:1      | Reached XP level 3. HP: 23/25 MP: 0/0
   901 | D:1      | Learned a level 1 spell: Beastly Appendage
  1136 | D:1      | Reached skill level 4 in Spellcasting
  1411 | D:2      | Noticed Terence
  1778 | D:2      | Reached XP level 4. HP: 24/31 MP: 0/0
  2007 | D:2      | Found a faded altar of an unknown god.
  2889 | D:3      | Reached XP level 5. HP: 33/35 MP: 0/0
  2889 | D:3      | Learned a level 2 spell: Poisonous Vapours
  3503 | D:3      | Reached skill level 5 in Spellcasting
  4089 | D:4      | Reached XP level 6. HP: 28/40 MP: 0/0
  4718 | D:4      | Reached skill level 6 in Spellcasting
  4772 | D:4      | Reached XP level 7. HP: 36/45 MP: 0/0
  4772 | D:4      | Learned a level 3 spell: Summon Guardian Golem
  5657 | D:4      | You are sucked into a shaft and drop 1 floor!
  5657 | D:5      | Entered Level 5 of the Dungeon
  5657 | D:5      | Found a blossoming altar of Fedhas.
  5660 | D:5      | Found a sparkling altar of Nemelex Xobeh.
  5662 | D:5      | Found a basalt altar of Yredelemnul.
  5751 | D:5      | Reached skill level 7 in Spellcasting
  5755 | D:5      | Reached XP level 8. HP: 27/50 MP: 0/0
  5946 | D:5      | Noticed Blork the orc
  5954 | D:5      | Killed Blork the orc
  6263 | D:5      | Slain by a steam dragon

Illustrated notes

Levels and vault maps discovered:
D:1:      minmay_arrival_split_and_join, layout_loops_ring, st_stairs_2
D:2:      layout_basic, hellmonk_ecumenical_altar_arch_garden, serial_undead,
          serial_undead_b, serial_undead_d, serial_undead_f, serial_undead_e,
          uniq_terence
D:3:      layout_basic, serial_co_window_serial, co_window_paths_b,
          co_window_of_opportunity_a, co_window_paths_a,
          co_window_of_opportunity_a, co_window_paths_b, co_window_2corner,
          co_window_paths_c, co_window_paths_c, co_window_corner_b,
          co_window_cross_3, co_window_corner_b, co_window_corner_b,
          glass_columns_c, glass_columns_c, glass_columns_a, glass_columns_b,
          glass_columns_a
D:4:      minmay_wonky_spiral, layout_loops_ring
D:5:      layout_rooms, kennysheep_little_box, minitemple,
          sigmund_edmund_badplayer, uniq_sigmund, uniq_blork_the_orc,
          uniq_edmund

Skill      XL: |  1  2  3  4  5  6  7 |
---------------+----------------------+-----
Spellcasting   | 4 5 6 7 |  7.8
Dodging        | |  2.1
Stealth        | |  1.5

Action                   |  1- 3 |  4- 6 |  7- 9 || total
-------------------------+-------+-------+-------++-------
 Cast: Magic Dart        |    71 |    65 |    15 ||   151
       Searing Ray       |     2 |    22 |    26 ||    50
       Poisonous Vapours |       |    19 |    20 ||    39
       Iskenderun's Myst |       |     1 |       ||     1
       Summon Guardian G |       |       |     1 ||     1
  Use: Scroll            |     2 |       |       ||     2
Armor: Robe              |     5 |     4 |       ||     9
Dodge: Dodged            |    12 |    14 |    11 ||    37
